 Dungeon Crawl Stone Soup version 0.24-b1 (webtiles) character file.

Game seed: 17600773822382748720, levelgen mode: deterministic

265 Mattoad the Cudgeler (level 5, 0/47 HPs)
             Began as a Minotaur Berserker on Oct 13, 2019.
             Was a Priest of Trog.
             Slain by an ogre
             ... wielding a +0 giant club
              (3 damage)
             ... on level 4 of the Dungeon.
             The game lasted 00:10:38 (2562 turns).

Mattoad the Cudgeler (Minotaur Berserker)           Turns: 2562, Time: 00:10:39

Health: 0/47       AC:  6    Str: 23    XL:     5   Next: 99%
Magic:  4/4        EV: 11    Int:  4    God:    Trog [***...]
Gold:   154        SH:  0    Dex:  9    Spells: 4/4 levels left

rFire    + . .     SeeInvis .   a - +0 mace
rCold    + . .     Gourm    .   (no shield)
rNeg     . . .     Faith    .   i - +0 scale mail (curse)
rPois    .         Spirit   .   (helmet restricted)
rElec    .         Reflect  .   n - scarf {rC+ rF+}
rCorr    .         Harm     .   (no gloves)
MR       .....                  (no boots)
Stlth    ..........             (no amulet)
HPRegen  0.15/turn              g - ring of wizardry
MPRegen  0.09/turn              (no ring)

@: no status effects
A: retaliatory headbutt, horns 2
a: Berserk, Trog's Hand, Renounce Religion


You were on level 4 of the Dungeon.
You worshipped Trog.
Trog was most pleased with you.
You were not hungry.

You visited 1 branch of the dungeon, and saw 4 of its levels.

You collected 154 gold pieces.

Inventory:

Hand Weapons
 a - a +0 mace (weapon)
Armour
 h - a +0 large shield
 i - a cursed +0 scale mail (worn)
 n - a scarf of resistance (worn)
Jewellery
 g - a ring of wizardry (left hand)
Wands
 f - a wand of enslavement (12)
Scrolls
 b - a scroll of enchant armour
 e - 5 scrolls of remove curse
 k - 2 scrolls of amnesia
 m - a scroll of fear
Potions
 j - a potion of curing {unknown}
 l - a potion of might {unknown}
Comestibles
 c - 6 rations


   Skills:
 + Level 4.9 Fighting
 + Level 5.6 Maces & Flails
 + Level 3.5 Armour
 + Level 3.1 Dodging
 - Level 2.5 Shields


You had 4 spell levels left.
You didn't know any spells.
Your spell library was empty.

Dungeon Overview and Level Annotations

Branches:
Dungeon (4/15)
 Temple: D:4-7

Altars:
Cheibriados
Hepliaklqana
Okawaru
Sif Muna
Xom


Innate Abilities, Weirdness & Mutations

You reflexively headbutt those who attack you in melee.
You have a pair of horns on your head.


Message History

An ogre comes into view. It is wielding a +0 giant club.
The ogre barely misses you.
Found 17 stones.
You hit the ogre. You headbutt the ogre.
The ogre is moderately wounded.
You sock the ogre!
The ogre is heavily wounded.
The ogre hits you with a +0 giant club!
You hit the ogre.
The ogre is severely wounded.
The ogre closely misses you. You furiously retaliate!
You headbutt the ogre. You hit the ogre.
The ogre is almost dead.
The ogre hits you with a +0 giant club!!
Ouch! That really hurt!
* * * LOW HITPOINT WARNING * * *
You hit the ogre.
The ogre is almost dead.
The ogre hits you with a +0 giant club.
You die...

#...######
#...##...#
#....+...+
#...##...#
#...##...#
#...##..!#
#...##...#
#...##.?.#####
#.....@O......
#.†...........
###...........
#...........
#...........
#..........(
#...........
#...........
#.........


You could see an ogre.

Vanquished Creatures
  A hound (D:3)
  An orc wizard (D:3)
  An iguana (D:3)
  A worker ant (D:4)
  A hound zombie (D:3)
  4 gnolls (D:2)
  3 adders (D:3)
  A dart slug (D:1)
  2 leopard geckos (D:1)
  3 orcs (D:3)
  2 ball pythons
  2 giant cockroaches
  3 goblins
  8 hobgoblins
  20 jackals
  2 quokkas
  5 bats
  2 frilled lizards
  4 kobolds (D:2)
  4 rats
70 creatures vanquished.

Notes
Turn   | Place    | Note
-------+----------+-------------------------------------------
     0 | D:1      | Mattoad the Minotaur Berserker began the quest for the Orb.
     0 | D:1      | Reached XP level 1. HP: 19/19 MP: 0/0
   178 | D:1      | Reached skill level 4 in Maces & Flails
   178 | D:1      | Reached XP level 2. HP: 27/27 MP: 1/1
   977 | D:2      | Found an iron altar of Okawaru.
  1054 | D:2      | Found a shimmering altar of Xom.
  1055 | D:2      | Found a hazy altar of Hepliaklqana.
  1055 | D:2      | Noticed a yak
  1056 | D:2      | Noticed a yak
  1056 | D:2      | Noticed a spectral ugly thing
  1075 | D:2      | Reached XP level 3. HP: 32/33 MP: 2/2
  1106 | D:2      | Found a shimmering blue altar of Sif Muna.
  1391 | D:2      | Reached ** piety under Trog
  1567 | D:2      | Reached XP level 4. HP: 17/41 MP: 3/3
  1710 | D:3      | Reached skill level 1 in Shields
  1728 | D:3      | Reached skill level 5 in Maces & Flails
  1744 | D:3      | Reached XP level 5. HP: 43/47 MP: 4/4
  1937 | D:3      | Found a transporter.
  1951 | D:3      | Found a snail-covered altar of Cheibriados.
  1963 | D:3      | Found a transporter.
  2080 | D:3      | Reached *** piety under Trog
  2554 | D:4      | Noticed an ogre
  2562 | D:4      | Slain by an ogre

Skill      XL: |  1  2  3  4  5 |
---------------+----------------+-----
Maces & Flails | 4 5 |  5.6
Fighting       | 4 |  4.9
Armour         | 3 |  3.5
Shields        | 1 2 |  2.5
Dodging        | 3 |  3.1

Action                   |  1- 3 |  4- 6 || total
-------------------------+-------+-------++-------
Melee: Mace              |    68 |   114 ||   182
       Headbutt          |    10 |    11 ||    21
Invok: Berserk           |       |     1 ||     1
  Use: Scroll            |     2 |     3 ||     5
 Stab: Sleeping          |     1 |       ||     1
  Eat: Chunk             |     1 |     5 ||     6
Armor: Scale mail        |    24 |    61 ||    85
       Animal skin       |     5 |       ||     5
Dodge: Dodged            |    21 |    39 ||    60
Block: Large shield      |    23 |    88 ||   111
